 Dungeon Crawl Stone Soup version 0.19-a0-854-gc78d25d (webtiles) character file.

25 Implojin the Ruffian (level 2, -10/29 HPs)
             Began as a Troll Fighter on July 1, 2016.
             Mangled by a goblin
             ... wielding a +1 dagger of electrocution
             ... led by Robin
              (19 damage)
             ... on level 3 of the Dungeon.
             The game lasted 00:01:40 (422 turns).

Implojin the Ruffian (Troll Fighter)                 Turns: 422, Time: 00:01:40

Health: -10/29     AC:  5    Str: 23    XL:     2   Next: 86%
Magic:  1/1        EV:  8    Int:  4    God:
Gold:   10         SH:  8    Dex:  9    Spells: 0 memorised, 1 level left

rFire  . . .     SeeInvis .       - Unarmed
rCold  . . .     Gourm    +     a - +0 robe
rNeg   . . .     Faith    .     b - +0 shield
rPois  .         Spirit   .     (helmet restricted)
rElec  .         Dismiss  .     (no cloak)
rCorr  .         Reflect  .     (gloves unavailable)
SustAt .         Harm     .     (boots unavailable)
MR     .....                    (no amulet)
Stlth  +.........               (no ring)
                                (no ring)

@: not resistant to hostile enchantments, very unstealthy
A: unfitting armour, claws 3, fast metabolism 3, gourmand, regeneration 2,
shaggy fur 1, tough skin 2
a: no special abilities


You were on level 3 of the Dungeon.
You were not hungry.

You visited 1 branch of the dungeon, and saw 3 of its levels.

You collected 10 gold pieces.

Inventory:

Armour
 a - a +0 robe (worn)
 b - a +0 shield (worn)
Scrolls
 e - a scroll of teleportation {unknown}
 g - a scroll of amnesia {unknown}
 i - 2 scrolls of remove curse {unknown}
Potions
 c - a potion of might
 h - a potion of heal wounds {unknown}
Comestibles
 d - 3 bread rations
 f - a meat ration


   Skills:
 - Level 2.4 Fighting
 - Level 2.4 Dodging
 - Level 2.4 Shields
 * Level 3.4 Unarmed Combat


You had one spell level left.
You didn't know any spells.

Dungeon Overview and Level Annotations

Branches:
Dungeon (3/15)

Altars:

Annotations:
D:3 Robin


Innate Abilities, Weirdness & Mutations

You are too large for most types of armour.
You have claws for hands.
Your metabolism is lightning-fast.
You like to eat raw meat.
You heal very quickly.
You are covered in fur. (AC +1)
You have very tough skin. (AC +2)


Message History

The bat hits you but does no damage. You block the bat's attack.
The bat hits you but does no damage. The bat barely misses you.
The bat barely misses you.
Found 13 stones. 2 goblins come into view.
A goblin is wielding a dagger of electrocution.
The goblin shouts! x2
You block the bat's attack. The bat barely misses you.
A goblin comes into view. It is wielding a club.
A goblin, a hobgoblin and Robin come into view.
Robin is wielding a spear of freezing.
The hobgoblin shouts!
The goblin shouts!
You block the bat's attack.
The hobgoblin moves out of view.
A goblin comes into view.
A goblin comes into view. It is wielding a dagger of protection.
The goblin shouts! x2
The bat misses you. The goblin hits you but does no damage.
A goblin comes into view.
Robin shouts!
The goblin shouts!
You claw the goblin!
You kill the goblin!
The bat hits you but does no damage.
A goblin comes into view. It is wielding a club.
The bat hits you but does no damage.
The goblin hits you with a dagger of electrocution.
The giant cockroach bites you.
Your shield prevents you from hitting the goblin.
The goblin hits you but does no damage.
You are electrocuted!
Ouch! That really hurt!
* * * LOW HITPOINT WARNING * * *
You closely miss the goblin. You block the goblin's attack.
You barely miss the goblin.
The goblin hits you with a dagger of electrocution.
* * * LOW HITPOINT WARNING * * *
You are electrocuted!
Ouch! That really hurt!
You die...

#.##.#### #.##.#
##.......####g...#
#..........s.)#..#
#.#...##.###.....#
#.##.###.#......).
#.##.#.#.#.#.....#
#.##.(#..#.##.#..#
#.##.#.....##.#...
#@##.g...####.#.##
#g##b#r.#####.#.#
#gb.sg........#.#
####)#..#### #.#
#.#..# #.#..#
#g#..# #g#.g#


gg. You could see 2 goblins and a bat.

Vanquished Creatures
  An adder (D:3)
  A giant gecko (D:1)
  A giant cockroach (D:1)
  2 goblins
  2 jackals (D:2)
  2 giant newts
  3 kobolds
  6 rats
18 creatures vanquished.

Notes
Turn   | Place    | Note
-------+----------+-------------------------------------------
     0 | D:1      | Implojin the Troll Fighter began the quest for the Orb.
     0 | D:1      | Reached XP level 1. HP: 22/22 MP: 0/0
   130 | D:1      | Reached XP level 2. HP: 26/29 MP: 1/1
   287 | D:3      | Reached skill level 3 in Unarmed Combat
   413 | D:3      | Noticed Robin
   422 | D:3      | Mangled by a goblin

Vault maps used:
D:1:      kilobyte_arrival_exit_the_forest
D:2:      st_stairs_6
D:3:      first_bread, uniq_robin, uniq_crazy_yiuf_cottage

Skill      XL: |  1  2 |
---------------+-------+-----
Unarmed Combat | 3 |  3.4
Fighting       | |  2.4
Dodging        | |  2.4
Shields        | |  2.4

Action                   || total
-------------------------++-------
Melee: Unarmed           ||    67
  Eat: Chunk             ||     5
Armor: Robe              ||    38
Dodge: Dodged            ||    33
Block: Shield            ||    38

Table legend:
 A = Turns spent in this place as a percentage of turns spent in the entire game.
 B = Non-inter-level travel turns spent in this place as a percentage of non-inter-level travel turns spent in the entire game.
 C = Inter-level travel turns spent in this place as a percentage of turns spent in this place.
 D = Turns resting spent in this place as a percentage of non-inter-level travel turns spent in this place.
 E = Turns spent auto-exploring this place as a percentage of non-inter-level travel turns spent in this place.
 F = Non-inter-level travel turns spent in this place divided by the number of levels of this place that you've seen.
                   A       B       C       D       E      F
               +-------+-------+-------+-------+-------+----------------------
         Total | 100.0 | 100.0 |   0.0 |   0.0 |   0.0 | 143.3
       Dungeon | 100.0 | 100.0 |   0.0 |   0.0 |   0.0 | 143.3
               +-------+-------+-------+-------+-------+----------------------

Table legend:
 A = Kills in this place as a percentage of kills in entire the game.
 B = Kills by you in this place as a percentage of kills by you in the entire game.
 C = Kills by friends in this place as a percentage of kills by friends in the entire game.
 D = Other kills in this place as a percentage of other kills in the entire game.
 E = Experience gained in this place as a percentage of experience gained in the entire game.
 F = Experience gained in this place divided by the number of levels of this place that you have seen.
                   A       B       C       D       E      F
               +-------+-------+-------+-------+-------+----------------------
         Total | 100.0 | 100.0 |  -nan |  -nan | 100.0 |  12.3
       Dungeon | 100.0 | 100.0 |  -nan |  -nan | 100.0 |  12.3
               +-------+-------+-------+-------+-------+----------------------
